 Dungeon Crawl Stone Soup version 0.31-a0-222-gefeffbb62a (webtiles) character file.

Game seed: 17022390143240646684

1739 gruber the Fighter (level 8, -9/71 (79) HPs)
             Began as a Minotaur Fighter on July 5, 2023.
             Mangled by a wight
             ... wielding a +1 great sword
              (14 damage)
             ... on level 6 of the Dungeon.
             The game lasted 00:06:17 (6533 turns).

gruber the Fighter (Minotaur Fighter)               Turns: 6533, Time: 00:06:18

HP:   -9/71 (79)    AC: 10    Str: 23    XL:     8   Next: 77%
MP:   7/7           EV:  9    Int:  5    God:
Gold: 310           SH:  4    Dex: 10    Spells: 7/7 levels left

rFire   . . .        a - +0 trident
rCold   . . .        c - +0 buckler
rNeg    . . .        b - +0 scale mail
rPois   .            (helmet restricted)
rElec   .            (no cloak)
rCorr   .            (no gloves)
SInv    .            (no boots)
Will    .....        (no amulet) Stlth
                     h - +4 ring of protection
HPRegen 0.31/turn    (no ring)
MPRegen 0.10/turn

%: no passive effects
@: heavily drained
A: horns 2, retaliatory headbutt
a: no special abilities


You were on level 6 of the Dungeon.
You visited 2 branches of the dungeon, and saw 8 of its levels.

You collected 310 gold pieces.

Inventory:

Hand Weapons
 a - a +0 trident (weapon)
Missiles
 q - 14 poisoned darts (quivered)
Armour
 b - a +0 scale mail (worn)
 c - a +0 buckler (worn)
Jewellery
 h - a +4 ring of protection (left hand)
 o - a +6 ring of intelligence
Scrolls
 f - 2 scrolls of immolation {unknown}
 g - 2 scrolls of revelation {unknown}
 j - a scroll of noise {unknown}
 k - 2 scrolls of blinking {unknown}
 l - a scroll of amnesia {unknown}
 n - 3 scrolls of teleportation {unknown}
 p - a scroll of butterflies {unknown}
 r - a scroll of enchant weapon {unknown}
 v - a scroll of identify {unknown}
 w - a scroll of fear {unknown}
Potions
 d - 3 potions of might
 e - a potion of lignification {unknown}
 i - 3 potions of curing {unknown}
 m - a potion of enlightenment {unknown}
 s - 2 potions of invisibility {unknown}
 t - a potion of ambrosia {unknown}
 u - a potion of mutation {unknown}


   Skills:
 * Level 10.1 Fighting
 - Level 9.6(9.8) Axes
 - Level 2.4(6.5) Polearms
 - Level 3.6 Armour
 - Level 3.6 Shields


You had 7 spell levels left.
You didn't know any spells.
Your spell library contained the following spells:

 Spells                   Type           Power      Damage    Failure   Level
 Cigotuvi's Dreadful Rot  Necr/Pois/Air  0%         N/A       94%         2
 Dispel Undead            Necr           0%         3d6       100%        4
 Death Channel            Necr           0%         N/A       100%        6


Dungeon Overview and Level Annotations

Branches:
Dungeon (7/15)             Temple (1/1) D:5

Altars:
Ashenzari
Dithmenos
Elyvilon
Fedhas
Gozag
Kikubaaqudgha
Nemelex Xobeh
Qazlal
Sif Muna
Uskayaw
Vehumet
Wu Jian
Xom
Yredelemnul
Zin
The Shining One

Shops:
D:6 *

Annotations:
D:5 1 runed translucent door, Crazy Yiuf


Innate Abilities, Weirdness & Mutations

You have a pair of horns on your head.
You reflexively headbutt those who attack you in melee.


Message History

You closely miss the wight.
The wight is severely damaged.
The wight hits you but does no damage. The wight closely misses you.
You barely miss the wight. You headbutt the wight.
You destroy the wight!
The wight hits you with a +5 short sword.
* * * LOW HITPOINT WARNING * * *
You feel drained.
* * * LOW HITPOINT WARNING * * *
You block the wight's attack.
Things that are here:
a +0 spear; a +0 robe You closely miss the wight.
The wight hits you with a +5 short sword.
* * * LOW HITPOINT WARNING * * *
You closely miss the wight. Your headbutt misses the wight.
The wight hits you with a +5 short sword!
* * * LOW HITPOINT WARNING * * *
You feel drained.
* * * LOW HITPOINT WARNING * * *
You puncture the wight!
You headbutt the wight, but do no damage.
The wight is severely damaged.
You block the wight's attack.
You closely miss the wight. Your headbutt misses the wight.
The wight is severely damaged.
The wight hits you but does no damage.
You puncture the wight!
You destroy the wight!
Your Fighting skill increases to level 10!
You hit the wight.
The wight is moderately damaged.
The wight hits you but does no damage.
You closely miss the wight.
The wight is moderately damaged.
The wight completely misses you.
You barely miss the wight.
The wight is moderately damaged.
The wight hits you with a +1 great sword!
You die...

#########
#################...><..#
#............@>##.#####.######
#.#####......#z##.##....##...#
#.#.....####[#.##.#.###......#
#.#.....####.#.#...## ##.#...#
#.#................# #.#...#
####.#.....####.#.#...## ##......
..##.#.....# #.#.##...###.#.....
#.##.......####.#.##.##...##.....
))######.#........##.########...#


You could see a wight.

Vanquished Creatures
  Grinder (D:4)
  Eustachio (D:6)
  A sky beast (D:6)
  An orc warrior (D:6)
  2 ogres
  A bullfrog (D:5)
  Blork the orc (D:4)
  2 scorpions
  2 wights (D:6)
  3 hounds
  2 jellies (D:5)
  2 gnoll boudas
  Terence (D:2)
  3 iguanas
  4 orc wizards
  9 gnolls
  4 adders
  3 shadow imps
  A worm (D:4)
  A dart slug (D:1)
  25 orcs
  8 ball pythons
  5 endoplasms
  4 giant cockroaches
  12 goblins
  9 hobgoblins
  14 jackals
  A quokka (D:1)
  7 bats
  4 frilled lizards
  8 kobolds
  4 rats
146 creatures vanquished.

Vanquished Creatures (others)
  An orc wizard (D:3)
1 creature vanquished.

Grand Total: 147 creatures vanquished

Notes
Turn   | Place    | Note
-------+----------+-------------------------------------------
     0 | D:1      | gruber the Minotaur Fighter began the quest for the Orb.
     0 | D:1      | Reached XP level 1. HP: 19/19 MP: 0/0
    84 | D:1      | Reached skill level 1 in Axes
   252 | D:1      | Reached XP level 2. HP: 26/26 MP: 1/1
   363 | D:1      | Found a faded altar of an unknown god.
   661 | D:1      | Reached XP level 3. HP: 31/31 MP: 2/2
   923 | D:2      | Reached XP level 4. HP: 36/39 MP: 3/3
   998 | D:2      | Found a shadowy altar of Dithmenos.
  1142 | D:2      | Reached skill level 5 in Axes
  1358 | D:2      | Noticed Terence
  1373 | D:2      | Killed Terence
  1620 | D:3      | Found an opulent altar of Gozag.
  1639 | D:3      | Reached XP level 5. HP: 45/45 MP: 4/4
  1740 | D:3      | Found a white marble altar of Elyvilon.
  2073 | D:3      | You fall into a shaft and drop 2 floors!
  2073 | D:5      | Entered Level 5 of the Dungeon
  2127 | D:5      | Reached XP level 6. HP: 44/51 MP: 5/5
  2223 | D:5      | Found a staircase to the Ecumenical Temple.
  2240 | Temple   | Entered the Ecumenical Temple
  2240 | Temple   | Found a transporter.
  2240 | Temple   | Found a transporter.
  2242 | Temple   | Found a transporter.
  2242 | Temple   | Found a transporter.
  2761 | D:4      | Noticed Grinder
  2774 | D:4      | Paralysed by Grinder for 2 turns
  2778 | D:4      | Paralysed by Grinder for 3 turns
  2782 | D:4      | Killed Grinder
  2783 | D:4      | Reached XP level 7. HP: 43/57 MP: 6/6
  2936 | D:4      | Reached skill level 4 in Fighting
  3160 | D:4      | Noticed Blork the orc
  3165 | D:4      | Reached skill level 5 in Fighting
  3178 | D:4      | Killed Blork the orc
  3672 | D:5      | Reached skill level 6 in Fighting
  3732 | D:5      | Found a runed translucent door.
  3733 | D:5      | Noticed Crazy Yiuf
  3924 | D:5      | Reached XP level 8. HP: 71/71 MP: 7/7
  4153 | D:5      | Found a shimmering blue altar of Sif Muna.
  4274 | D:5      | Found a shimmering altar of Xom.
  4274 | D:5      | Found a shadowy altar of Dithmenos.
  4275 | D:5      | Found a radiant altar of Vehumet.
  5271 | D:6      | Reached skill level 7 in Fighting
  5771 | D:6      | Found Vuup's Assorted Antiques.
  6043 | D:6      | Noticed Eustachio
  6092 | D:6      | Reached skill level 8 in Fighting
  6097 | D:6      | Killed Eustachio
  6100 | D:6      | Reached skill level 9 in Fighting
  6531 | D:6      | Reached skill level 10 in Fighting
  6533 | D:6      | Mangled by a wight

Illustrated notes

Levels and vault maps discovered:
D:1:      dpeg_arrival_windows_large_door, layout_basic,
          hellmonk_ecumenical_altar_heavens_door, minmay_split_cup_large
D:2:      layout_loops_cross, basic_altar, uniq_terence
D:3:      layout_loops_ring, old_standard_altar, lemuel_tele_altar
D:4:      layout_loops_corners, chequers_mini_garden, uniq_blork_the_orc,
          uniq_grinder
D:5:      layout_loops_corners, kennysheep_orc_sif_temple,
          gammafunk_temple_overflow_claw, minmay_temple_entry_ruins,
          minmay_misc_feat_rows, uniq_crazy_yiuf_cottage
D:6:      layout_loops_corners, serial_shops, nicolae_diamond_shop,
          corexii_corridor_pit, uniq_eustachio
D:7:      layout_cave_pools, okawaru_metal_pillars_3,
          makhleb_blood_cavern_becter, uniq_pikel
Temple:   hellmonk_temple_divided_pantheon

Skill      XL: |  1  2  3  4  5  6  7  8 |
---------------+-------------------------+-----
Axes           | 2 3 4 5 7 9 |  9.6
Fighting       | 6 10 | 10.1
Polearms       | |  2.4
Armour         | |  3.6
Shields        | |  3.6

Action                     |  1- 3 |  4- 6 |  7- 9 || total
---------------------------+-------+-------+-------++-------
  Melee: Trident           |    89 |   219 |   248 ||   556
         Headbutt          |     6 |    18 |    38 ||    62
 Armour: Scale mail        |    34 |    96 |    89 ||   219
  Dodge: Dodged            |    38 |    54 |    75 ||   167
  Block: Buckler           |    12 |    22 |    23 ||    57

Table legend: (Time is in decaauts)
 A = Elapsed time spent in this place.
 B = Non-inter-level travel time spent in this place.
 C = Inter-level travel time spent in this place.
 D = Time resting spent in this place.
 E = Time spent auto-exploring this place.
 F = Levels seen in this place.
 G = Mean time per level.
                   A        B        C        D        E       F      G
               +--------+--------+--------+--------+--------+-----+--------+
         Total |   6575 |   6090 |    485 |    129 |   4985 |   8 |  821.9 |
       Dungeon |   6546 |   6069 |    477 |    129 |   4984 |   7 |  935.1 |
        Temple |     28 |     20 |      8 |      0 |      1 |   1 |   28.0 |
               +--------+--------+--------+--------+--------+-----+--------+

Top non-repeatable levels by time:
     D:6: 1569 daAuts
     D:5: 1410 daAuts
     D:4: 1055 daAuts
     D:3: 897 daAuts
     D:1: 894 daAuts
     D:2: 717 daAuts
  Temple: 28 daAuts
     D:7: 1 daAuts
